 Dungeon Crawl Stone Soup version 0.18.1-5-g4a78601 (webtiles) character file.

105 GreamJoe the Sneak (level 4, 0/27 HPs)
             Began as an Octopode Air Elementalist on May 9, 2016.
             Killed by their own static electricity (1 damage)
             ... on level 2 of the Dungeon.
             The game lasted 00:11:08 (1454 turns).

GreamJoe the Sneak (Octopode Air Elementalist)      Turns: 1454, Time: 00:11:08

Health: 0/27       AC:  1    Str: 12    XL:     4   Next: 81%
Magic:  0/7        EV: 12    Int: 23    God:
Gold:   56         SH:  0    Dex: 12    Spells: 3 memorised, 2 levels left

rFire  . . .     SeeInvis .     m - +0 dagger
rCold  . . .     Gourm    .     (no shield)
rNeg   . . .     Faith    .     (helmet restricted)
rPois  .         Spirit   .     (no amulet)
rElec  .         Dismiss  .     i - ring of sustain attributes
rCorr  .         Reflect  .     n - ring of sustain attributes
SustAt +         Harm     .     (no ring)
MR     .....                    (no ring)
Stlth  ++++......               (no ring)
                                (no ring)
                                (no ring)
                                (no ring)

@: mighty, brilliant, very slightly contaminated, not resistant to hostile
enchantments, stealthy
A: almost no armour, amphibious, 8 rings, constrict 8, camouflage 1, gelatinous
body 1
a: no special abilities


You were on level 2 of the Dungeon.
You were not hungry.

You visited 1 branch of the dungeon, and saw 2 of its levels.

You collected 56 gold pieces.

Inventory:

Hand Weapons
 d - a +0 club
 h - a +0 whip
 m - a +0 dagger (weapon)
Missiles
 k - 25 bolts
 q - 4 javelins (quivered)
Armour
 o - a +0 scale mail
Jewellery
 i - a ring of sustain attributes (left tentacle)
 n - a ring of sustain attributes (right tentacle)
Scrolls
 b - 2 scrolls of fog {unknown}
 c - 2 scrolls of identify {unknown}
 e - a scroll of enchant weapon {unknown}
 f - 2 scrolls of teleportation {unknown}
 g - a scroll of amnesia {unknown}
 p - a scroll of remove curse {unknown}
Potions
 j - a potion of brilliance
 s - a potion of lignification {unknown}
Books
 a - a book of Air

   Spells                             Type                      Level
   a - Shock                          Conjuration/Air              1
   b - Swiftness                      Charms/Air                   2
   c - Repel Missiles                 Charms/Air                   2
   d - Static Discharge               Conjuration/Air              3
   e - Lightning Bolt                 Conjuration/Air              5
Comestibles
 l - a royal jelly


   Skills:
 + Level 0.6 Fighting
 + Level 0.2 Short Blades
 + Level 2.6 Dodging
 + Level 3.7 Stealth
 + Level 0.4 Unarmed Combat
 + Level 2.5 Spellcasting
 + Level 2.0 Conjurations
 + Level 3.5 Air Magic


You had 2 spell levels left.
You knew the following spells:

 Your Spells              Type           Power        Failure   Level  Hunger
a - Shock                 Conj/Air       ####         1%          1    None
b - Repel Missiles        Chrm/Air       ###...       1%          2    ##.....
c - Static Discharge      Conj/Air       ####....     1%          3    ###....


Dungeon Overview and Level Annotations

Branches:
Dungeon (2/15)

Altars:
Kikubaaqudgha
Nemelex Xobeh


Innate Abilities, Weirdness & Mutations

You cannot wear most types of armour.
You are amphibious.
You can wear up to eight rings at the same time.
You can use your tentacles to constrict eight enemies at once.
Your skin changes colour to match your surroundings (Stealth).
Your rubbery body absorbs attacks (AC +1).


Message History

Drink which item? (? for menu, Esc to quit)
It was a potion of might.
You feel very mighty all of a sudden. The ball python barely misses you.
* * * LOW HITPOINT WARNING * * *
The ball python constricts you.
Unknown command.
You escape the ball python's grasp.
The ball python misses you. The ball python closely misses you.
The ball python bites you.
* * * LOW HITPOINT WARNING * * *
The ball python barely misses you. The ball python closely misses you.
The ball python grabs you. The ball python constricts you.
Unknown command.
Casting: Static Discharge
Confirm with . or Enter, or press ? or * to list all spells.
The ball python is struck by lightning.
You kill the ball python!
The lightning arcs!
You are struck by lightning.
You die...

#...†....#....<#.......
#..).....#####†..######
#........'......##
#........###)####
#####.######.# #.#
#....# #.# #.##.#
#.###....# #.@......#
#†##..†.## #..)....#
#..###.## #..# #.# #..#
#.# #..###.# #†.....#
#.######


There were no monsters in sight!

Vanquished Creatures
  A vampire bat (D:2)
  2 adders (D:2)
  A worm (D:2)
  A dart slug (D:1)
  A giant gecko (D:1)
  2 bat skeletons (D:2)
  3 bat zombies (D:2)
  2 giant cockroaches
  6 goblins
  5 hobgoblins
  3 ball pythons
  5 bats
  A giant newt (D:2)
  A kobold (D:1)
  10 rats
44 creatures vanquished.

Notes
Turn   | Place    | Note
--------------------------------------------------------------
     0 | D:1      | GreamJoe the Octopode Air Elementalist began the quest for the Orb.
     0 | D:1      | Reached XP level 1. HP: 11/11 MP: 3/3
   165 | D:1      | Reached XP level 2. HP: 4/17 MP: 5/5
   169 | D:1      | Learned a level 2 spell: Repel Missiles
   368 | D:1      | Found a sparkling altar of Nemelex Xobeh.
   563 | D:1      | Reached XP level 3. HP: 21/21 MP: 4/6
   579 | D:1      | Learned a level 3 spell: Static Discharge
  1079 | D:2      | Found an ancient bone altar of Kikubaaqudgha.
  1087 | D:2      | Reached XP level 4. HP: 27/27 MP: 2/7
  1446 | D:2      | HP: 1/27 [ball python (1)]
  1453 | D:2      | HP: 1/27 [ball python (1)]
  1454 | D:2      | Killed from afar by themself

Skill      XL: |  1  2  3  4 |
---------------+-------------+-----
Stealth        | 3 |  3.7
Conjurations   | 2 |  2.0
Fighting       | |  0.6
Short Blades   | |  0.2
Dodging        | |  2.6
Unarmed Combat | |  0.4
Spellcasting   | |  2.5
Air Magic      | |  3.5

Action                   |  1- 3 |  4- 6 || total
-------------------------+-------+-------++-------
Melee: Club              |    14 |       ||    14
       Constrict         |    11 |     6 ||    17
       Unarmed           |     5 |       ||     5
       Tentacles         |     7 |     2 ||     9
       Dagger            |     9 |    27 ||    36
       Punch             |     1 |       ||     1
 Cast: Shock             |    31 |     9 ||    40
       Static Discharge  |       |     3 ||     3
  Use: Potion            |     1 |     2 ||     3
 Stab: Sleeping          |     5 |     1 ||     6
       Distracted        |     1 |       ||     1
  Eat: Bread ration      |     1 |       ||     1
Armor: Skin              |    14 |     8 ||    22
Dodge: Dodged            |    30 |    41 ||    71
